AoeStats
← HAASHIRAMA

Arena

508696930Analyzed
4v4 RM · 8d ago on Sep 23, 2026· 81m 39s· 8 players
Game mode
Random Map
Map size
Large (8 player)
Population
200
Speed
Normal
Resources
Standard
Victory
Conquest
Starting age
Dark Age
Ending age
Imperial Age
RankedLock teamsTeams togetherTeam positionsShared explorationLock speedFull tech treeHidden civsTurbo modeCheats
Victory
Defeat
🇮🇳 Britons · India
1628
+14
🇮🇳 Cumans · India
1607
+15
🇮🇳 Bohemians · India
1569
+16
🇹🇷 Portuguese · Türkiye
1517
+18
🇪🇸 Byzantines · Spain
1591
-16
🇳🇱 Khmer · Netherlands
1589
-16
🇦🇷 Cumans · Argentina
1572
-16
🇹🇼 Celts · Taiwan
1546
-15
Wolf Knight
11:23 Feudal Age
15:09 Castle Age
12:57 Horse Collar
14:04 Double-Bit Axe
17:10 Bow Saw
17:01 Heavy Plow
24:01 Scale Mail Armor
23:51 Gambesons
24:58 Wheelbarrow
25:16 Pikeman
27:04 Fortified Wall
28:19 Chain Mail Armor
28:14 Forging
28:32 Squires
29:41 Loom
30:11 Hand Cart
32:42 Imperial Age
32:49 Capped Ram
34:02 Plate Mail Armor
32:55 Elite Varangian Guard
35:00 Iron Casting
34:44 Halberdier
37:28 Conscription
37:01 Siege Ram
37:45 Arson
38:34 Logistica
38:33 Scale Barding Armor
39:58 Chemistry
42:00 Padded Archer Armor
50:48 Leather Archer Armor
50:24 Fletching
52:56 Bodkin Arrow
53:31 Ring Archer Armor
53:05 Elite Skirmisher
53:51 Thumb Ring
53:47 Bracer
54:11 Ballistics
Simon Stokvis
10:27 Feudal Age
13:26 Castle Age
29:59 Town Watch
29:59 Loom
30:55 Double-Bit Axe
32:51 Gold Mining
34:09 Wheelbarrow
37:00 Imperial Age
38:14 Ballistics
37:43 Heavy Scorpion
47:10 Elite Skirmisher
51:08 Chemistry
52:54 Fletching
53:05 Padded Archer Armor
54:44 Bodkin Arrow
57:11 Crossbowman
63:06 Leather Archer Armor
64:22 Bracer
66:16 Ring Archer Armor
69:04 Heavy Cavalry Archer
71:07 Parthian Tactics
71:07 Caravan
jAvi
8:55 Feudal Age
9:33 Double-Bit Axe
10:05 Horse Collar
15:35 Wheelbarrow
20:42 Castle Age
18:45 Loom
20:51 Scale Mail Armor
21:09 Pikeman
21:50 Squires
22:28 Bow Saw
23:17 Heavy Plow
23:40 Chain Mail Armor
23:36 Forging
25:28 Hand Cart
24:59 Capped Ram
26:08 Arson
27:00 Iron Casting
29:58 Scale Barding Armor
31:12 Bloodlines
32:45 Chain Barding Armor
35:13 Imperial Age
39:03 Fletching
39:40 Gold Mining
43:25 Imperial Age
42:20 Bodkin Arrow
43:54 Halberdier
45:08 Plate Mail Armor
44:36 Elite Skirmisher
47:34 Ballistics
48:20 Chemistry
51:28 Two-Man Saw
51:52 Light Cavalry
55:28 Caravan
59:17 Thumb Ring
66:29 Crop Rotation
70:40 Blast Furnace
71:37 Plate Barding Armor
73:49 Hussar
76:38 Cavalier
81:12 Man-at-Arms
JINJIN
10:12 Feudal Age
9:11 Loom
11:33 Loom
14:12 Castle Age
12:34 Double-Bit Axe
20:49 Ballistics
22:24 Pikeman
23:55 Horse Collar
25:54 Wheelbarrow
30:18 Bow Saw
30:20 Gold Mining
36:49 Imperial Age
38:32 Furor Celtica
38:15 Heavy Scorpion
38:16 Capped Ram
39:48 Heavy Plow
39:34 Halberdier
41:02 Hand Cart
41:23 Gold Shaft Mining
43:27 Siege Ram
44:45 Siege Engineers
45:42 Chemistry
48:37 Fortified Wall
70:40 Forging
70:31 Scale Mail Armor
76:02 Caravan
wackadoodle
10:34 Feudal Age
14:28 Castle Age
12:30 Double-Bit Axe
13:29 Horse Collar
15:11 Fletching
16:40 Bodkin Arrow
18:02 Bodkin Arrow
21:12 Loom
23:06 Bow Saw
31:21 Wheelbarrow
31:20 Elite Skirmisher
31:20 Crossbowman
32:37 Gold Mining
34:47 Padded Archer Armor
41:38 Gold Shaft Mining
41:26 Fortified Wall
41:58 Hand Cart
49:45 Imperial Age
48:14 Ballistics
50:32 Bracer
50:52 Heavy Plow
51:09 Leather Archer Armor
52:03 Chemistry
51:18 Arbalester
53:17 Two-Man Saw
53:22 Town Watch
54:50 Ring Archer Armor
54:52 Coinage
56:23 Banking
56:04 Guilds
55:55 Caravan
56:54 Elite Skirmisher
61:34 Stone Mining
64:35 Warwolf
64:58 Yeomen
65:15 Hoardings
64:51 Masonry
68:26 Scale Mail Armor
68:37 Forging
69:35 Chain Mail Armor
70:00 Man-at-Arms
70:27 Gambesons
70:43 Squires
71:15 Plate Mail Armor
71:21 Iron Casting
70:47 Arson
70:59 Long Swordsman
72:24 Two-Handed Swordsman
74:08 Champion
77:58 Blast Furnace
78:40 Conscription
A-V (JustOnePixeL)
10:42 Feudal Age
14:28 Castle Age
12:27 Double-Bit Axe
13:03 Horse Collar
16:27 Bow Saw
16:25 Heavy Plow
21:16 Fervor
22:35 Wheelbarrow
27:50 Imperial Age
25:06 Pikeman
25:49 Squires
26:03 Scale Mail Armor
26:42 Forging
26:56 Chain Mail Armor
26:32 Loom
28:08 Iron Casting
28:37 Chemistry
30:01 Hand Cart
30:49 Two-Man Saw
30:33 Plate Mail Armor
29:25 Halberdier
30:57 Conscription
30:51 Town Watch
32:48 Ballistics
33:42 Blast Furnace
32:52 Padded Archer Armor
33:49 Siege Engineers
34:20 Wagenburg Tactics
34:32 Elite Skirmisher
35:29 Leather Archer Armor
35:04 Fletching
36:12 Man-at-Arms
36:49 Bodkin Arrow
37:25 Ring Archer Armor
42:11 Houfnice
49:02 Bracer
64:40 Hussite Reforms
65:30 Coinage
66:41 Banking
67:35 Caravan
70:59 Fortified Wall
HAASHIRAMA
8:55 Feudal Age
9:56 Double-Bit Axe
10:19 Horse Collar
15:18 Wheelbarrow
21:00 Castle Age
19:56 Scale Barding Armor
20:01 Forging
20:05 Bloodlines
20:41 Gold Mining
22:04 Chain Barding Armor
22:22 Iron Casting
25:04 Bow Saw
25:11 Hand Cart
25:34 Capped Ram
29:43 Chain Barding Armor
32:21 Imperial Age
32:41 Scale Mail Armor
32:03 Pikeman
32:44 Squires
32:26 Cavalier
33:11 Halberdier
34:06 Chain Mail Armor
35:40 Two-Man Saw
34:41 Heavy Plow
35:16 Gold Shaft Mining
36:40 Plate Mail Armor
36:10 Man-at-Arms
36:47 Long Swordsman
37:26 Two-Handed Swordsman
39:36 Blast Furnace
38:14 Champion
39:24 Town Watch
39:24 Loom
40:11 Crop Rotation
40:32 Stone Mining
41:27 Coinage
41:05 Light Cavalry
41:51 Hussar
45:32 Plate Barding Armor
45:57 Banking
47:13 Fletching
49:02 Town Patrol
49:53 Bodkin Arrow
54:05 Padded Archer Armor
58:03 Conscription
57:47 Steppe Husbandry
59:09 Paladin
61:18 Leather Archer Armor
61:58 Caravan
62:10 Guilds
69:45 Siege Ram
71:28 Cuman Mercenaries
71:04 Elite Kipchak
72:38 Cuman Mercenaries
74:46 Ring Archer Armor
vela
10:12 Feudal Age
14:12 Castle Age
12:28 Double-Bit Axe
15:41 Bow Saw
17:17 Loom
Connection lost

Rejoining the realm…

Still unreachable

The connection could not be restored.

Session expired

The server has moved on; the page needs a fresh start.